[ AOE2 MATCH · #495763646 ]
UnrankedMaya vs Celts
Player's team · LOSS
Rival team · WIN
[ REPLAY ANALYSIS · EXTRACTED FROM THE RECORDED GAME ]
Feudal
9:43
Castle
21:21
Imperial
40:14
| APM avg | 48.8 |
| APM peak | 83 |
| eAPM avg | 23.9 |
| Villagers / military | 142 / 116 |
Focus
⚔️ 26.8% · 🌾 73.2%
Skirmisher ×31 · Archer ×29 · Plumed Archer ×27 · Eagle Scout ×20 · Militia ×5 · Mangonel ×2
Feudal
9:25
Castle
23:30
Imperial
38:07
| APM avg | 57.3 |
| APM peak | 123 |
| eAPM avg | 30.1 |
| Villagers / military | 146 / 158 |
Focus
⚔️ 37.5% · 🌾 62.5%
Skirmisher ×74 · Militia ×48 · Woad Raider ×19 · Archer ×8 · Battering Ram ×8 · Trebuchet (Packed) ×1
Match map
Initial resources + every placement click. Lines = walls · curves = elevation contours. ◆ gold · ⬟ stone · ● berries · ✦ relic · ◌ wall gap
Your base· ✓ Closed at 21:21 · 36t walls · 1 gate(s)
Phoebus Apollo's base· ✓ Closed at 23:30 · 43t walls · no gate
Smoothed initial terrain · ◌ = detected wall gap · hover for details
Inputs per minute
— se7e - - Phoebus Apollo
Build order — se7e
First 150 of 415 actions detected
| 0:01 | Research | Loom |
| 0:01 | Queue | Villager (Male) |
| 0:02 | Queue | Villager (Male) |
| 0:02 | Queue | Villager (Male) |
| 0:03 | Build | House |
| 0:04 | Build | House |
| 1:28 | Queue | Villager (Male) |
| 1:28 | Queue | Villager (Male) |
| 2:00 | Queue | Villager (Male) |
| 2:16 | Queue | Villager (Male) |
| 2:31 | Build | Lumber Camp |
| 2:55 | Queue | Villager (Male) |
| 2:55 | Queue | Villager (Male) |
| 3:38 | Build | House |
| 3:43 | Queue | Villager (Male) |
| 4:02 | Queue | Villager (Male) |
| 4:20 | Queue | Villager (Male) |
| 4:44 | Build | House |
| 4:55 | Queue | Villager (Male) |
| 4:55 | Queue | Villager (Male) |
| 4:55 | Queue | Villager (Male) |
| 5:10 | Build | Palisade Wall |
| 5:49 | Queue | Villager (Male) |
| 5:50 | Queue | Villager (Male) |
| 6:03 | Queue | Villager (Male) |
| 6:04 | Queue | Villager (Male) |
| 6:26 | Build | Barracks |
| 6:33 | Build | Mill |
| 7:33 | Research | Feudal Age |
| 7:37 | Build | Mining Camp |
| 7:56 | Build | House |
| 7:57 | Build | Palisade Wall |
| 8:02 | Queue | Militia |
| 8:02 | Queue | Militia |
| 8:16 | Queue | Militia |
| 8:34 | Queue | Militia |
| 8:34 | Queue | Militia |
| 9:40 | Queue | Villager (Male) |
| 9:43 | Age | Feudal Age |
| 9:44 | Research | Man-at-Arms (upgrade) |
| 9:44 | Research | Man-at-Arms (upgrade) |
| 9:53 | Build | Archery Range |
| 10:01 | Queue | Villager (Male) |
| 10:09 | Build | House |
| 10:35 | Queue | Villager (Male) |
| 10:39 | Build | House |
| 10:40 | Build | House |
| 10:45 | Queue | Skirmisher |
| 10:45 | Queue | Skirmisher |
| 10:50 | Queue | Villager (Male) |
| 10:58 | Research | Double-Bit Axe |
| 10:58 | Research | Double-Bit Axe |
| 11:10 | Queue | Villager (Male) |
| 11:18 | Build | House |
| 11:19 | Build | Palisade Wall |
| 11:41 | Queue | Skirmisher |
| 11:41 | Queue | Villager (Male) |
| 11:47 | Build | Palisade Gate |
| 11:50 | Build | Palisade Wall |
| 12:00 | Build | Mill |
| 12:02 | Queue | Villager (Male) |
| 12:06 | Build | Farm |
| 12:10 | Build | Farm |
| 12:13 | Build | Farm |
| 12:18 | Queue | Archer |
| 12:27 | Build | Palisade Wall |
| 12:31 | Build | Palisade Wall |
| 12:40 | Build | Farm |
| 12:40 | Queue | Villager (Male) |
| 12:42 | Queue | Archer |
| 12:42 | Queue | Archer |
| 13:04 | Queue | Villager (Male) |
| 13:04 | Queue | Villager (Male) |
| 13:10 | Build | Blacksmith |
| 13:26 | Queue | Villager (Male) |
| 13:33 | Queue | Archer |
| 13:47 | Build | Farm |
| 13:47 | Queue | Villager (Male) |
| 13:49 | Build | Farm |
| 14:06 | Queue | Villager (Male) |
| 14:09 | Build | Farm |
| 14:10 | Build | Farm |
| 14:23 | Research | Fletching |
| 14:23 | Research | Fletching |
| 14:31 | Queue | Skirmisher |
| 14:33 | Queue | Villager (Male) |
| 14:33 | Queue | Villager (Male) |
| 14:35 | Build | Farm |
| 14:49 | Queue | Archer |
| 14:56 | Build | Farm |
| 14:57 | Queue | Villager (Male) |
| 15:14 | Build | Farm |
| 15:28 | Queue | Archer |
| 15:29 | Queue | Villager (Male) |
| 15:39 | Queue | Archer |
| 15:40 | Queue | Villager (Male) |
| 15:45 | Build | House |
| 16:19 | Queue | Villager (Male) |
| 16:22 | Build | Farm |
| 16:24 | Build | Farm |
| 16:30 | Build | House |
| 16:31 | Build | House |
| 16:32 | Build | House |
| 16:41 | Queue | Skirmisher |
| 16:43 | Queue | Villager (Male) |
| 17:01 | Build | Market |
| 17:04 | Queue | Villager (Male) |
| 17:13 | Queue | Archer |
| 17:34 | Queue | Archer |
| 17:54 | Queue | Skirmisher |
| 17:58 | Build | Archery Range |
| 18:16 | Queue | Skirmisher |
| 18:41 | Research | Castle Age |
| 18:42 | Queue | Eagle Scout |
| 18:42 | Queue | Eagle Scout |
| 18:55 | Queue | Skirmisher |
| 18:56 | Queue | Skirmisher |
| 19:11 | Queue | Skirmisher |
| 19:14 | Build | Watch Tower |
| 19:18 | Build | House |
| 19:28 | Queue | Skirmisher |
| 19:28 | Queue | Skirmisher |
| 19:42 | Research | Gold Mining |
| 19:50 | Queue | Archer |
| 19:51 | Queue | Archer |
| 20:02 | Research | Padded Archer Armor |
| 20:29 | Build | Mining Camp |
| 20:43 | Queue | Archer |
| 20:43 | Queue | Archer |
| 21:00 | Queue | Archer |
| 21:00 | Queue | Archer |
| 21:07 | Research | Horse Collar |
| 21:21 | Age | Castle Age |
| 21:22 | Research | Crossbowman (upgrade) |
| 21:24 | Research | Bodkin Arrow |
| 21:24 | Research | Bodkin Arrow |
| 21:30 | Build | Lumber Camp |
| 21:39 | Queue | Villager (Male) |
| 21:39 | Queue | Villager (Male) |
| 21:55 | Queue | Archer |
| 21:55 | Queue | Archer |
| 21:56 | Queue | Villager (Male) |
| 22:02 | Build | Town Center |
| 22:13 | Queue | Archer |
| 22:13 | Queue | Archer |
| 22:13 | Queue | Villager (Male) |
| 22:15 | Build | Farm |
| 22:36 | Queue | Archer |
| 22:36 | Queue | Archer |
| 22:49 | Build | Farm |
Build order — Phoebus Apollo
First 150 of 472 actions detected
| 0:00 | Queue | Villager (Male) |
| 0:00 | Queue | Villager (Male) |
| 0:00 | Queue | Villager (Male) |
| 0:01 | Queue | Villager (Male) |
| 0:02 | Build | House |
| 0:02 | Build | House |
| 1:16 | Queue | Villager (Male) |
| 1:47 | Build | Lumber Camp |
| 1:57 | Queue | Villager (Male) |
| 1:57 | Queue | Villager (Male) |
| 2:14 | Queue | Villager (Male) |
| 2:14 | Queue | Villager (Male) |
| 2:28 | Queue | Villager (Male) |
| 2:57 | Queue | Villager (Male) |
| 2:57 | Queue | Villager (Male) |
| 3:20 | Queue | Villager (Male) |
| 3:20 | Queue | Villager (Male) |
| 3:23 | Build | House |
| 3:48 | Build | Mill |
| 4:04 | Queue | Villager (Male) |
| 4:05 | Queue | Villager (Male) |
| 4:12 | Queue | Villager (Male) |
| 4:31 | Queue | Villager (Male) |
| 4:31 | Queue | Villager (Male) |
| 4:47 | Queue | Villager (Male) |
| 5:02 | Queue | Villager (Male) |
| 5:02 | Queue | Villager (Male) |
| 5:59 | Build | Barracks |
| 6:13 | Queue | Villager (Male) |
| 6:15 | Build | House |
| 6:19 | Research | Loom |
| 7:15 | Research | Feudal Age |
| 7:15 | Research | Feudal Age |
| 7:38 | Queue | Militia |
| 7:38 | Queue | Militia |
| 7:48 | Build | Mining Camp |
| 8:03 | Queue | Militia |
| 8:38 | Build | Palisade Wall |
| 8:47 | Queue | Militia |
| 9:03 | Queue | Villager (Male) |
| 9:25 | Age | Feudal Age |
| 9:35 | Build | Archery Range |
| 9:36 | Research | Man-at-Arms (upgrade) |
| 9:37 | Research | Double-Bit Axe |
| 9:53 | Queue | Villager (Male) |
| 9:57 | Build | Mill |
| 10:21 | Build | House |
| 10:47 | Queue | Villager (Male) |
| 10:49 | Queue | Archer |
| 10:54 | Build | Farm |
| 10:54 | Build | Farm |
| 11:14 | Queue | Villager (Male) |
| 11:30 | Queue | Villager (Male) |
| 11:42 | Build | Farm |
| 11:44 | Build | Farm |
| 11:45 | Queue | Villager (Male) |
| 11:48 | Research | Horse Collar |
| 11:55 | Build | Palisade Wall |
| 11:57 | Queue | Archer |
| 12:09 | Build | House |
| 12:11 | Build | Palisade Wall |
| 12:17 | Build | House |
| 12:18 | Build | Palisade Wall |
| 12:20 | Build | Palisade Wall |
| 12:21 | Queue | Villager (Male) |
| 12:32 | Queue | Villager (Male) |
| 12:40 | Queue | Skirmisher |
| 12:53 | Build | Farm |
| 13:03 | Queue | Villager (Male) |
| 13:04 | Queue | Skirmisher |
| 13:10 | Queue | Militia |
| 13:21 | Build | Farm |
| 13:29 | Queue | Villager (Male) |
| 13:30 | Queue | Skirmisher |
| 13:36 | Queue | Militia |
| 13:45 | Build | House |
| 13:59 | Queue | Skirmisher |
| 14:10 | Queue | Villager (Male) |
| 14:13 | Build | Blacksmith |
| 14:15 | Queue | Militia |
| 14:15 | Queue | Militia |
| 14:22 | Build | Farm |
| 14:25 | Queue | Archer |
| 14:35 | Build | House |
| 14:40 | Build | Palisade Wall |
| 14:40 | Queue | Villager (Male) |
| 14:48 | Build | Palisade Wall |
| 14:50 | Queue | Villager (Male) |
| 15:01 | Queue | Archer |
| 15:06 | Build | Farm |
| 15:09 | Research | Fletching |
| 15:14 | Build | House |
| 15:16 | Build | Palisade Wall |
| 15:20 | Build | House |
| 15:29 | Build | Farm |
| 15:29 | Queue | Villager (Male) |
| 15:34 | Queue | Villager (Male) |
| 15:38 | Queue | Skirmisher |
| 16:14 | Queue | Villager (Male) |
| 16:16 | Queue | Militia |
| 16:19 | Queue | Archer |
| 16:34 | Queue | Villager (Male) |
| 16:34 | Queue | Villager (Male) |
| 16:37 | Build | Farm |
| 16:38 | Build | Farm |
| 16:40 | Build | Farm |
| 16:40 | Build | Farm |
| 16:40 | Build | Farm |
| 16:40 | Build | Farm |
| 16:44 | Research | Arson |
| 16:53 | Queue | Skirmisher |
| 17:03 | Build | Farm |
| 17:14 | Queue | Villager (Male) |
| 17:19 | Queue | Skirmisher |
| 17:21 | Queue | Militia |
| 17:45 | Queue | Villager (Male) |
| 17:46 | Queue | Skirmisher |
| 17:49 | Build | Farm |
| 17:51 | Build | Farm |
| 18:11 | Queue | Villager (Male) |
| 18:11 | Queue | Villager (Male) |
| 18:16 | Queue | Villager (Male) |
| 18:18 | Queue | Skirmisher |
| 18:18 | Queue | Skirmisher |
| 18:33 | Queue | Militia |
| 18:34 | Queue | Militia |
| 18:45 | Queue | Villager (Male) |
| 18:48 | Research | Wheelbarrow |
| 19:02 | Queue | Villager (Male) |
| 19:03 | Queue | Militia |
| 19:04 | Queue | Militia |
| 19:15 | Build | Farm |
| 19:15 | Build | Farm |
| 19:28 | Queue | Militia |
| 19:38 | Build | House |
| 19:39 | Build | House |
| 19:43 | Build | Farm |
| 20:15 | Queue | Villager (Male) |
| 20:17 | Queue | Archer |
| 20:17 | Queue | Archer |
| 20:28 | Queue | Skirmisher |
| 20:29 | Queue | Skirmisher |
| 20:36 | Queue | Archer |
| 20:50 | Research | Castle Age |
| 21:02 | Build | Archery Range |
| 21:06 | Queue | Skirmisher |
| 21:13 | Queue | Militia |
| 21:14 | Queue | Militia |
| 21:31 | Research | Scale Mail Armor |
| 21:35 | Queue | Skirmisher |
Match timeline
| 5:10 | se7e · wall_segment Palisade Wall x2 |
| 5:59 | Phoebus Apollo · first_building Barracks |
| 6:26 | se7e · first_building Barracks |
| 7:57 | se7e · wall_segment Palisade Wall x1 |
| 8:38 | Phoebus Apollo · wall_segment Palisade Wall x1 |
| 9:25 | Phoebus Apollo · age_up feudal |
| 9:35 | Phoebus Apollo · first_building Archery Range |
| 9:43 | se7e · age_up feudal |
| 9:53 | se7e · first_building Archery Range |
| 11:19 | se7e · wall_segment Palisade Wall x9 |
| 11:50 | se7e · wall_segment Palisade Wall x9 |
| 11:55 | Phoebus Apollo · wall_segment Palisade Wall x2 |
| 12:11 | Phoebus Apollo · wall_segment Palisade Wall x5 |
| 12:18 | Phoebus Apollo · wall_segment Palisade Wall x1 |
| 12:20 | Phoebus Apollo · wall_segment Palisade Wall x7 |
| 12:27 | se7e · wall_segment Palisade Wall x4 |
| 12:31 | se7e · wall_segment Palisade Wall x11 |
| 14:40 | Phoebus Apollo · wall_segment Palisade Wall x27 |
| 14:48 | Phoebus Apollo · wall_segment Palisade Wall x17 |
| 15:16 | Phoebus Apollo · wall_segment Palisade Wall x1 |
| 21:21 | se7e · age_up castle |
| 22:20 | se7e · first_market_buy 100 wood |
| 23:30 | Phoebus Apollo · age_up castle |
| 29:16 | Phoebus Apollo · first_market_buy 100 wood |
| 29:23 | Phoebus Apollo · first_building Siege Workshop |
| 29:44 | se7e · first_building Castle |
| 30:06 | se7e · first_building Siege Workshop |
| 34:49 | Phoebus Apollo · first_market_sell 500 wood |
| 35:14 | Phoebus Apollo · first_building Castle |
| 35:55 | se7e · first_market_sell 100 stone |
| 38:07 | Phoebus Apollo · age_up imperial |
| 39:14 | Phoebus Apollo · first_building Monastery |
| 40:14 | se7e · age_up imperial |
| 41:56 | se7e · resign |
[ AI ANALYSIS · 1 CREDIT ]
What really happened in this match?
Wolo.gg analyzes every decision: build order, eco, micro, common mistakes by bracket. Personalized analysis on WhatsApp or Discord in 30 seconds.
Civ guide
Maya
Perfil
Jugador #675842